 Dungeon Crawl Stone Soup version 0.28-a0-578-g717728bcc0 (webtiles) character file.

Game seed: 10716385294185509241

37 Conn the Firebug (level 3, -9/21 HPs)
             Began as an Octopode Fire Elementalist on Oct 2, 2021.
             Mangled by a gnoll (12 damage)
             ... on level 1 of the Dungeon.
             The game lasted 00:00:54 (313 turns).

Conn the Firebug (Octopode Fire Elementalist)        Turns: 313, Time: 00:00:54

Health: -9/21      AC:  1    Str:  7    XL:     3   Next: 39%
Magic:  1/6        EV: 13    Int: 18    God:
Gold:   8          SH:  0    Dex: 12    Spells: 5/6 levels left

rFire   . . .      SeeInvis .   (no weapon)
rCold   . . .      Faith    .   (no shield)
rNeg    . . .      Spirit   .   (helmet restricted)
rPois   .          Reflect  .   (no amulet)
rElec   .          Harm     .   (no ring)
rCorr   .          Rampage  .   (no ring)
Will    .....                   (no ring)
Stlth   +++.......              (no ring)
HPRegen 0.07/turn               (no ring)
MPRegen 0.10/turn               (no ring)
                                (no ring)
                                (no ring)

@: no status effects
A: almost no armour, amphibious, 8 rings, camouflage 1, gelatinous body 1,
(nimble swimmer 1), tentacles
a: no special abilities


You were on level 1 of the Dungeon.
You visited 1 branch of the dungeon, and saw 2 of its levels.

You collected 8 gold pieces.

Inventory:

Scrolls
 a - a scroll of enchant weapon {unknown}


   Skills:
 + Level 2.1 Dodging
 + Level 3.0 Stealth
 + Level 2.2 Spellcasting
 + Level 1.3 Conjurations
 + Level 3.9 Fire Magic


You had 5 spell levels left.
You knew the following spells:

 Your Spells              Type           Power      Damage    Failure   Level
a - Foxfire               Conj/Fire      44%        2x1d6     6%          1

Your spell library contained the following spells:

 Spells                   Type           Power      Damage    Failure   Level
 Scorch                   Fire           32%        2d7       5%          2
 Conjure Flame            Conj/Fire      11%        6-21      19%         3
 Inner Flame              Hex/Fire       9%         N/A       24%         3
 Flame Wave               Conj/Fire      11%        3d4       52%         4


Dungeon Overview and Level Annotations

Branches:
Dungeon (2/15)

Altars:


Innate Abilities, Weirdness & Mutations

You cannot wear most types of armour.
You are amphibious.
You can wear up to eight rings at the same time.
Your skin changes colour to match your surroundings (Stealth+).
Your rubbery body absorbs attacks. (AC +1, EV +1)
((You are camouflaged near water. (Stealth+)))
You have tentacles for arms and can constrict up to eight enemies at once.


Message History

The gnoll is severely wounded.
Unknown command.
Found a scroll labelled SUIKEL ADGHU.
Casting: Foxfire (safe; 6% risk of failure)
Confirm with . or Enter, or press ? or * to list all spells.
You miscast Foxfire.
You are very lightly contaminated with residual magic.
Nothing appears to happen.
Unknown command.
Your magical contamination has completely faded away.
You see here a scroll labelled SUIKEL ADGHU.
Casting: Foxfire (safe; 6% risk of failure)
Confirm with . or Enter, or press ? or * to list all spells.
You conjure some foxfire!
Unknown command.
You closely miss the gnoll. You grab the gnoll.
The gnoll is severely wounded.
You constrict the gnoll.
The foxfire hits the gnoll.
You kill the gnoll!
Your Stealth skill increases to level 3!
Unknown command. 2 gnolls come into view.
The foxfire hits the gnoll.
The gnoll is moderately wounded.
The gnoll moves out of view.
Things that are here:
a +0 club; a gnoll corpse You see here a scroll labelled SUIKEL ADGHU.
a - a scroll labelled SUIKEL ADGHU The gnoll completely misses you.
The gnoll barely misses you.
There is a stone staircase leading up here.
The gnoll hits you from afar with a +0 spear.
You climb upwards.
There is a stone staircase leading down here.
The gnoll hits you with a +0 flail!
Ouch! That really hurt!
* * * LOW HITPOINT WARNING * * *
The gnoll hits you with a +0 flail!
Ouch! That really hurt!
You die...

#.# #.#
#.# #.#
#.#
#.#######
#>.......
#g....###
#@.......
#.###.....
#.#
####.####
#.. .....
... # ...
....
....##.###
....
..........
......
....##.###
# #. #


You could see a gnoll.

Vanquished Creatures
  2 gnolls (D:2)
  An adder (D:2)
  An orc (D:2)
  A bat (D:2)
  An endoplasm (D:1)
  A giant cockroach (D:2)
  A rat (D:2)
8 creatures vanquished.

Vanquished Creatures (others)
  25 foxfires
  6 plants (D:2)
  10 withered plants (D:2)
41 creatures vanquished.

Grand Total: 49 creatures vanquished

Notes
Turn   | Place    | Note
-------+----------+-------------------------------------------
     0 | D:1      | Conn the Octopode Fire Elementalist began the quest for the
                  | Orb.
     0 | D:1      | Reached XP level 1. HP: 11/11 MP: 3/3
   113 | D:1      | You fall into a shaft and drop 1 floor!
   171 | D:2      | Reached XP level 2. HP: 15/17 MP: 0/5
   289 | D:2      | Reached XP level 3. HP: 21/21 MP: 1/6
   313 | D:1      | Mangled by a gnoll

Illustrated notes

Levels and vault maps discovered:
D:1:      co_arrival_random_square_maze, layout_basic, serial_shops,
          nicolae_shop_waterfront, nicolae_shop_trees, shop,
          nicolae_lakefront_shop, minmay_hedge_maze
D:2:      layout_loops_ring, shapermc_ecumenical_altar_flowoftime

Skill      XL: |  1  2  3 |
---------------+----------+-----
Stealth        | 3 |  3.0
Dodging        | |  2.1
Spellcasting   | |  2.2
Conjurations   | |  1.3
Fire Magic     | |  3.9

Action                   || total
-------------------------++-------
Melee: Unarmed           ||     3
       Constrict         ||     2
 Cast: Foxfire           ||    15
Dodge: Dodged            ||     6

Table legend: (Time is in decaauts)
 A = Elapsed time spent in this place.
 B = Non-inter-level travel time spent in this place.
 C = Inter-level travel time spent in this place.
 D = Time resting spent in this place.
 E = Time spent auto-exploring this place.
 F = Levels seen in this place.
 G = Mean time per level.
                   A        B        C        D        E       F      G
               +--------+--------+--------+--------+--------+-----+--------+
         Total |    313 |    313 |      0 |      0 |    232 |   2 |  156.5 |
       Dungeon |    313 |    313 |      0 |      0 |    232 |   2 |  156.5 |
               +--------+--------+--------+--------+--------+-----+--------+

Top non-repeatable levels by time:
     D:2: 197 daAuts
     D:1: 115 daAuts
